AoeStats
← [GMEX] | The_Spartako

Fortress

508162098Analyzed
4v4 RM · 12d ago on Sep 21, 2026· 66m 51s· 8 players
Game mode
Random Map
Map size
Huge
Population
200
Speed
Normal
Resources
Standard
Victory
Conquest
Starting age
Dark Age
Ending age
Imperial Age
RankedLock teamsTeams togetherTeam positionsShared explorationLock speedFull tech treeHidden civsTurbo modeCheats
Victory
Defeat
🇲🇽 Persians · Mexico
1210
+9
🇲🇽 Maya · Mexico
1167
+11
🇹🇼 Italians · Taiwan
1116
+12
🇳🇿 Italians · New Zealand
1021
+16
🇲🇽 Mongols · Mexico
1171
-17
🇹🇷 Magyars · Türkiye
1055
-13
🇮🇳 Hindustanis · India
967
-9
🇮🇳 Japanese · India
963
-9
Finn The Human
4:53 Loom
6:45 Feudal Age
11:51 Castle Age
10:15 Double-Bit Axe
10:34 Horse Collar
13:24 Bow Saw
15:54 Town Watch
16:56 Wheelbarrow
18:23 Fletching
21:56 Gold Mining
22:02 Stone Mining
24:15 Gold Shaft Mining
23:27 Elite Skirmisher
24:22 Thumb Ring
24:13 Bodkin Arrow
25:57 Padded Archer Armor
30:19 Imperial Age
28:04 Hand Cart
29:28 Ballistics
29:25 Leather Archer Armor
30:18 Corvinian Army
30:27 Heavy Plow
31:28 Bracer
31:58 Ring Archer Armor
32:30 Chemistry
30:56 Heavy Cavalry Archer
32:01 Parthian Tactics
33:46 Conscription
32:48 Elite Magyar Huszar
33:35 Scale Barding Armor
34:43 Masonry
34:50 Recurve Bow
35:13 Chain Barding Armor
36:02 Treadmill Crane
38:50 Plate Barding Armor
38:45 Caravan
40:43 Hoardings
42:06 Bloodlines
41:56 Husbandry
47:19 Coinage
48:43 Siege Engineers
52:07 Banking
GoldenRogerFed6
8:09 Feudal Age
12:34 Castle Age
10:57 Horse Collar
11:03 Double-Bit Axe
11:31 Gold Mining
17:05 Wheelbarrow
17:00 Bow Saw
18:19 Heavy Plow
21:00 Scale Mail Armor
22:08 Gold Shaft Mining
22:38 Chain Mail Armor
22:12 Gambesons
23:21 Hand Cart
23:53 Forging
23:44 Padded Archer Armor
23:07 Elite Skirmisher
24:07 Pikeman
24:59 Stone Mining
25:17 Squires
25:10 Arson
26:09 Fletching
28:09 Iron Casting
28:33 Thumb Ring
32:26 Imperial Age
33:09 Bodkin Arrow
33:47 Plate Mail Armor
33:41 Conscription
34:27 Chemistry
33:18 Halberdier
35:01 Blast Furnace
34:03 Bracer
36:19 Two-Man Saw
36:38 Block Printing
36:50 Illumination
40:11 Murder Holes
40:37 Elite Samurai
41:35 Leather Archer Armor
41:55 Redemption
43:45 Hoardings
44:11 Ring Archer Armor
44:55 Fortified Wall
45:42 Scale Barding Armor
50:25 Chain Barding Armor
53:09 Masonry
Perdoname por ser Noob
3:40 Loom
3:51 Loom
8:25 Feudal Age
9:51 Double-Bit Axe
12:26 Castle Age
10:24 Horse Collar
11:08 Gold Mining
16:42 Wheelbarrow
15:56 Loom
19:46 Bow Saw
21:11 Heavy Plow
23:26 Stone Mining
26:33 Imperial Age
24:32 Fletching
24:42 Padded Archer Armor
24:55 Forging
24:50 Scale Barding Armor
26:15 Iron Casting
26:03 Ballistics
26:51 Chain Barding Armor
26:56 Bloodlines
26:47 Husbandry
29:36 Blast Furnace
30:32 Chemistry
29:29 Fletching
29:23 Elite Steppe Lancer
32:15 Conscription
32:27 Onager
34:39 Drill
36:02 Bodkin Arrow
37:30 Heavy Camel Rider
41:48 Light Cavalry
43:20 Hussar
43:57 Capped Ram
44:52 Siege Onager
47:13 Siege Ram
56:52 Caravan
GoldenHorde
9:08 Feudal Age
14:15 Castle Age
13:15 Double-Bit Axe
13:12 Horse Collar
13:26 Gold Mining
19:33 Loom
35:36 Gold Shaft Mining
36:54 Husbandry
37:07 Bloodlines
37:34 Wheelbarrow
37:27 Light Cavalry
40:49 Imperial Age
38:38 Hand Cart
42:23 Elite Ghulam
43:31 Conscription
43:57 Forging
44:12 Scale Mail Armor
45:19 Iron Casting
48:55 Squires
53:11 Blast Furnace
52:29 Chain Mail Armor
53:46 Bow Saw
[GMEX] | The_Spartako
7:27 Feudal Age
7:33 Feudal Age
8:10 Loom
12:41 Castle Age
11:21 Gold Mining
11:39 Scale Barding Armor
12:22 Double-Bit Axe
12:30 Horse Collar
14:17 Heavy Plow
14:51 Loom
19:41 Bow Saw
21:56 Stone Mining
23:09 Husbandry
24:21 Bloodlines
28:10 Wheelbarrow
34:24 Imperial Age
32:09 Fletching
32:50 Bodkin Arrow
32:55 Padded Archer Armor
34:09 Kamandaran
33:50 Crossbowman
34:36 Thumb Ring
35:51 Chemistry
36:09 Hand Cart
36:26 Leather Archer Armor
36:23 Light Cavalry
38:21 Hussar
41:16 Chain Barding Armor
41:06 Forging
41:53 Masonry
45:30 Conscription
45:46 Hoardings
45:35 Ballistics
45:46 Architecture
46:13 Crop Rotation
49:42 Plate Barding Armor
49:42 Iron Casting
49:38 Ring Archer Armor
49:35 Town Watch
56:07 Town Patrol
58:48 Blast Furnace
60:15 Scale Mail Armor
64:25 Cavalier
[ GMEX ] Uhtred the Uhtred
8:26 Feudal Age
10:04 Double-Bit Axe
10:37 Stone Mining
13:10 Castle Age
11:44 Fletching
12:37 Horse Collar
14:33 Bow Saw
14:22 Bodkin Arrow
15:05 Loom
17:37 Wheelbarrow
23:04 Thumb Ring
31:03 Imperial Age
29:02 Ballistics
28:23 Treadmill Crane
30:15 Hand Cart
31:54 Fortified Wall
32:46 Chemistry
31:17 Elite Plumed Archer
32:03 Bracer
33:29 Two-Man Saw
33:13 Town Watch
34:08 Conscription
33:58 Gold Mining
34:45 Stone Shaft Mining
35:26 Padded Archer Armor
45:32 Eagle Warrior
47:48 Town Patrol
47:14 Elite Eagle Warrior
47:55 Squires
47:41 Arson
49:29 Scale Mail Armor
50:25 Chain Mail Armor
50:22 Forging
50:28 Pikeman
51:51 Plate Mail Armor
51:58 Iron Casting
50:59 Halberdier
54:30 Blast Furnace
54:08 Hoardings
64:38 Caravan
SamTheSlayer
10:41 Feudal Age
11:06 Horse Collar
11:15 Double-Bit Axe
11:35 Loom
14:36 Castle Age
15:50 Heavy Plow
16:03 Bow Saw
17:39 Wheelbarrow
16:52 Town Watch
25:43 Imperial Age
24:12 Padded Archer Armor
24:03 Fletching
25:02 Hand Cart
24:59 Stone Mining
24:59 Gold Mining
25:43 Leather Archer Armor
27:34 Chemistry
26:54 Ballistics
27:07 Ring Archer Armor
26:32 Bodkin Arrow
27:23 Pirotechnia
27:34 Conscription
28:14 Crop Rotation
28:59 Two-Man Saw
29:39 Ring Archer Armor
29:10 Bracer
30:14 Town Patrol
30:37 Treadmill Crane
31:07 Masonry
30:54 Murder Holes
31:02 Scale Mail Armor
34:43 Scale Barding Armor
34:49 Forging
34:59 Masonry
34:40 Cavalier
35:20 Husbandry
35:31 Bloodlines
35:34 Light Cavalry
39:08 Silk Road
39:07 Chain Mail Armor
39:17 Chain Barding Armor
39:32 Iron Casting
40:02 Iron Casting
40:23 Caravan
40:37 Hussar
43:37 Plate Barding Armor
44:17 Blast Furnace
47:35 Thumb Ring
48:31 Chain Mail Armor
52:52 Hoardings
59:32 Arson
59:47 Squires
59:07 Pikeman
59:33 Elite Skirmisher
65:56 Plate Mail Armor
AZ
5:54 Loom
8:12 Feudal Age
8:52 Horse Collar
9:01 Double-Bit Axe
12:52 Castle Age
11:39 Gold Mining
11:48 Fletching
13:57 Bow Saw
13:10 Light Cavalry
20:59 Heavy Plow
22:14 Padded Archer Armor
23:14 Leather Archer Armor
24:37 Wheelbarrow
25:41 Bodkin Arrow
26:23 Ballistics
26:52 Hand Cart
29:29 Stone Mining
32:21 Imperial Age
30:47 Squires
31:01 Scale Mail Armor
31:40 Forging
31:36 Husbandry
32:36 Chain Mail Armor
32:18 Arson
33:27 Conscription
33:08 Bracer
34:51 Plate Mail Armor
34:57 Iron Casting
35:34 Conscription
35:47 Ring Archer Armor
42:39 Blast Furnace
55:24 Pikeman
Connection lost

Rejoining the realm…

Still unreachable

The connection could not be restored.

Session expired

The server has moved on; the page needs a fresh start.